 Dungeon Crawl Stone Soup version 0.29-a0-819-g94b489e0ae (webtiles) character file.

Game seed: 15280886765943564784

117215 Colgate the Warrior (level 17, -1/119 HPs)
             Began as a Kobold Brigand on July 6, 2022.
             Was a Follower of Uskayaw.
             Slain by a cyan ugly thing (12 damage)
             ... on level 15 of the Dungeon.
             The game lasted 02:27:36 (31860 turns).

Colgate the Warrior (Kobold Brigand)               Turns: 31860, Time: 02:27:36

Health: -1/119     AC: 13    Str:  9    XL:     17   Next: 28%
Magic:  7/24       EV: 36    Int: 17    God:    Uskayaw [*.....]
Gold:   1301       SH:  9    Dex: 48    Spells: 15/20 levels left

rFire   . . .      SeeInvis .   a - +8 dagger of Valour {flame, Int+4}
rCold   . . .      Faith    +   p - +0 buckler
rNeg    . . .      Spirit   .   R - +1 leather armour of Bedevilment {Drain Will+++ Str+4 Dex+5}
rPois   .          Reflect  .   m - +2 helmet
rElec   .          Harm     .   c - +0 cloak
rCorr   .          Rampage  +   o - +1 pair of gloves {Stlth+}
Will    ++++.                   I - +2 pair of boots
Stlth   +++++++++.              q - amulet of Silenoho {Faith Rampage Str-4 Dex+8}
HPRegen 0.29/turn               K - +6 ring of dexterity
MPRegen 0.19/turn               P - +6 ring of dexterity

@: studying Short Blades
A: small, no large weapons, nightstalker 3
a: Renounce Religion, Stomp


You were on level 15 of the Dungeon.
You worshipped Uskayaw.
Uskayaw was aware of your devotion.
You visited 4 branches of the dungeon, and saw 24 of its levels.
You also visited: Gauntlet and Ice Cave.

You collected 2434 gold pieces.
You spent 1133 gold pieces at shops.

Inventory:

Hand Weapons
 a - the +8 dagger of Valour (weapon) {flame, Int+4}
   (You bought it in a shop on level 2 of the Dungeon)

   It burns those it strikes, dealing additional fire damage.
   Int:       It affects your intelligence (+4).
 b - a +2 vorpal rapier
 F - a +0 arbalest
 S - a +0 triple crossbow
Missiles
 d - 40 poisoned darts (quivered)
 e - 3 curare-tipped darts
 H - 47 boomerangs
 J - 5 throwing nets {!f}
Armour
 c - a +0 cloak (worn)
 m - a +2 helmet (worn)
 o - a +1 pair of gloves of stealth (worn)
 p - a +0 buckler (worn)
 I - a +2 pair of boots (worn)
 R - the +1 leather armour of Bedevilment (worn) {Drain Will+++ Str+4 Dex+5}
   (You found it in an ice cave)

   Str:       It affects your strength (+4).
   Dex:       It affects your dexterity (+5).
   Drain:     It drains your maximum health when unequipped.
   Will:      It greatly increases your willpower.
Jewellery
 g - a ring of positive energy
 h - a ring of protection from cold
 q - the amulet of Silenoho (around neck) {Faith Rampage Str-4 Dex+8}
   (You took it off a minotaur in a Gauntlet)

   [amulet of faith]

   It allows you to gain divine favour quickly.
   Str:       It affects your strength (-4).
   Dex:       It affects your dexterity (+8).
   Rampage:   It bestows one free step when moving towards enemies.
 v - a ring of protection from fire
 B - a ring of poison resistance
 K - a +6 ring of dexterity (left hand)
 L - a ring of see invisible
 P - a +6 ring of dexterity (right hand)
 Y - the ring of Cuginuc {Will++ rCorr MP+9 AC+4 Int-2}
   (You found it on level 13 of the Dungeon)

   [ring of protection]

   AC:        It affects your AC (+4).
   Int:       It affects your intelligence (-2).
   MP:        It affects your magic capacity (+9).
   rCorr:     It protects you from acid and corrosion.
   Will:      It greatly increases your willpower.
Wands
 i - a wand of light (13)
 x - a wand of flame (25)
 M - a wand of charming (14)
 O - a wand of iceblast (12) {@v2}
 W - a wand of digging (14) {@v3}
 X - a wand of polymorph (20)
Scrolls
 f - 2 scrolls of enchant weapon
 k - 5 scrolls of magic mapping {@r5}
 l - 4 scrolls of fear
 n - a scroll of summoning
 s - 3 scrolls of identify {@r1}
 t - a scroll of poison
 y - a scroll of fog
 D - 8 scrolls of teleportation {@r3}
 T - 4 scrolls of blinking {@r4}
 Z - a scroll of brand weapon
Potions
 j - 13 potions of heal wounds {@q2}
 u - a potion of berserk rage
 w - 5 potions of ambrosia
 z - a potion of resistance {@q5}
 A - 14 potions of curing {@q1}
 C - a potion of invisibility
 G - 6 potions of haste {@q4}
 N - 5 potions of might {@q3}
 Q - 3 potions of brilliance
 U - 3 potions of flight
 V - 2 potions of mutation
Miscellaneous
 r - a condenser vane


   Skills:
 - Level 18.0 Fighting
 - Level 14.0 Short Blades
 + Level 17.0 Ranged Weapons
 - Level 2.1 Throwing
 - Level 12.0 Dodging
 - Level 11.1 Stealth
 - Level 2.1 Spellcasting
 - Level 7.1 Translocations
 - Level 1.1 Earth Magic
 - Level 10.0 Invocations
 - Level 10.2 Evocations


You had 15 spell levels left.
You knew the following spells:

 Your Spells              Type           Power      Damage    Failure   Level
a - Blink                 Tloc           52%        N/A       3%          2
b - Lesser Beckoning      Tloc           26%        N/A       7%          3

Your spell library contained the following spells:

 Spells                   Type           Power      Damage    Failure   Level
 Summon Small Mammal      Summ           4%         N/A       38%         1
 Sublimation of Blood     Necr           1%         N/A       54%         2
 Wereblood                Tmut           1%         N/A       54%         2
 Manifold Assault         Tloc           26%        N/A       54%         5
 Stone Arrow              Conj/Erth      6%         3d7       69%         3
 Call Canine Familiar     Summ           1%         N/A       77%         3
 Dazzling Flash           Conj/Hex       2%         N/A       77%         3
 Frozen Ramparts          Ice            2%         1d2       77%         3
 Summon Guardian Golem    Hex/Summ       1%         N/A       77%         3
 Summon Forest            Summ/Tloc      6%         N/A       95%         5
 Leda's Liquefaction      Hex/Erth       1%         N/A       97%         4
 Petrify                  Tmut/Erth      3%         N/A       97%         4
 Hailstorm                Conj/Ice       1%         3d3       99%         4
 Ice Form                 Ice/Tmut       1%         N/A       99%         4
 Summon Ice Beast         Ice/Summ       1%         N/A       99%         4
 Agony                    Necr           1%         N/A       100%        5
 Fireball                 Conj/Fire      0%         3d3       100%        5
 Metabolic Englaciation   Hex/Ice        0%         N/A       100%        5
 Silence                  Hex/Air        0%         N/A       100%        5
 Summon Mana Viper        Hex/Summ       1%         N/A       100%        5
 Iron Shot                Conj/Erth      1%         9d1       100%        6
 Simulacrum               Ice/Necr       0%         N/A       100%        6
 Starburst                Conj/Fire      0%         6d3       100%        6
 Statue Form              Tmut/Erth      2%         N/A       100%        6
 Summon Cactus Giant      Summ           0%         N/A       100%        6
 Orb of Destruction       Conj           0%         9d5       100%        7
 Spellforged Servitor     Conj/Summ      0%         N/A       100%        7
 Summon Hydra             Summ           0%         N/A       100%        7
 Ignition                 Fire           0%         3d3       100%        8


Dungeon Overview and Level Annotations

Branches:
Dungeon (15/15)            Temple (1/1) D:7            Lair (6/6) D:10
 Shoals (0/4) Lair:4        Snake (0/4) Lair:3        Slime (0/5) Lair:6
    Orc (2/2) D:10            Elf (0/3) Orc:2        Vaults (0/5) D:14
 Depths (0/4) D:15          IceCv (visited)         Gauntlet (visited)

Altars:
Ashenzari
Cheibriados
Dithmenos
Elyvilon
Fedhas
Gozag
Hepliaklqana
Kikubaaqudgha
Makhleb
Nemelex Xobeh
Okawaru
Qazlal
Ru
Sif Muna
Trog
Uskayaw
Vehumet
Wu Jian
Xom
Yredelemnul
Zin
The Shining One
Lugonu

Shops:
D:2 (!   Orc:1 =*   Orc:2 (([[

Portals:
Abyss: Lair:6

Annotations:
Lair:4 1 runed translucent door
Orc:1 Mooxubaz's ghost, journeyman MeFi


Innate Abilities, Weirdness & Mutations

You are small and have problems with some larger weapons.
You are completely attuned to the shadows.


Message History

You can now stomp with the beat.
You stomp with the beat, sending a shockwave through the revellers around you!
You kill the orc priest!
You can no longer stomp with the beat.
The troll completely misses you. The troll misses you.
The troll closely misses you. The cyan ugly thing claws you!
The cyan ugly thing shocks you! The cyan ugly thing trunk-slaps you!
The cyan ugly thing shocks you! You block the cyan ugly thing's attack.
The cyan ugly thing closely misses you.
You can now stomp with the beat.
You can now pass through a line of other dancers.
You stomp with the beat, sending a shockwave through the revellers around you!
You can no longer pass through a line of other dancers.
You block the orc knight's attack. You block the troll's attack.
The troll completely misses you. The troll claws you.
The cyan ugly thing misses you.
The cyan ugly thing completely misses you.
The cyan ugly thing basks in the mutagenic energy from its kin and changes!
The cyan ugly thing completely misses you.
You can now pass through a line of other dancers.
You stomp with the beat, sending a shockwave through the revellers around you!
You kill the purple ugly thing!
You kill the troll!
The troll leather armour is intact enough to wear.
You kill the cyan ugly thing!
You can no longer pass through a line of other dancers.
The orc knight roars a battlecry!
The orc goes into a battle-frenzy!
You block the cyan ugly thing's attack.
The cyan ugly thing completely misses you.
You can now pass through a line of other dancers.
Your Ranged Weapons skill increases to level 17!
You stomp with the beat, sending a shockwave through the revellers around you!
You kill the orc!
You kill the cyan ugly thing!
You can no longer pass through a line of other dancers.
The orc knight hits you with a +2 war axe!!
* * * LOW HITPOINT WARNING * * *
The cyan ugly thing claws you.
* * * LOW HITPOINT WARNING * * *
The cyan ugly thing shocks you!
You die...

#............#............
###'###......#............
#.....########............
#............####'####....
#............#.......#....
#............#.......#....
#............#.......#####
#.....#...†..#.......#....
#.....#.†@u..####'####....
#######.†)o..#............
#.....#......#............
#.....#......#............
#.....#......#............
#.....################....
#.............#.....=.<...
#.............#......#....
#.............#......#....


You could see an orc knight and a cyan ugly thing.

Vanquished Creatures
  Rupert (D:15)
  Roxanne (D:15)
  The ghost of Zero the Frost Mage, a journeyman OgIE of Vehumet (Orc:1)
  2 orc warlords
  Nessos (Orc:2)
  The ghost of Mazui the Destroyer, a journeyman GnCj of Ashenzari (Lair:3)
  Azrael (D:13)
  A minotaur (Gauntlet)
  The ghost of Itumint the Covert, a journeyman VSBr of Wu Jian (Orc:1)
  A blizzard demon (Gauntlet)
  An ettin (D:15)
  9 hydras
  3 boulder beetles
  Erolcha (D:9)
  3 ogre magi
  A catoblepas (Lair:3)
  17 two-headed ogres
  3 centaur warriors
  2 dancing weapons (D:14)
  5 death yaks (Lair:4)
  2 tengu warriors (D:15)
  3 thrashing horrors (Lair:6)
  3 skeletal warriors (D:14)
  The ghost of mn3067 the Thaumaturge, a novice DEIE of Vehumet (D:10)
  4 deep trolls
  2 bog bodies (IceCv)
  2 wizards (D:15)
  An orc knight (Orc:2)
  3 deep elf pyromancers
  A harpy (shapeshifter) (Lair:6)
  An oklob plant (Lair:5)
  3 cyclopes
  4 orc sorcerers
  A faun (shapeshifter) (D:14)
  6 ugly things
  A merfolk siren (Lair:4)
  A salamander (shapeshifter) (Lair:6)
  2 manticores
  6 large abominations (Lair:6)
  11 elephants
  6 black mambas
  An eye of devastation (Gauntlet)
  An ice statue (IceCv)
  2 smoke demons (Lair:6)
  A torpor snail (Lair:2)
  Joseph (D:9)
  12 cane toads
  6 rime drakes
  A freezing wraith (D:14)
  Psyche (D:9)
  2 kobold demonologists (D:12)
  An anaconda simulacrum (IceCv)
  11 komodo dragons
  2 ancient zymes (Lair:6)
  3 tengu conjurers
  2 entropy weaver simulacra (IceCv)
  A meliai (shapeshifter) (D:15)
  12 trolls
  2 hornets
  4 polar bears
  A raiju (Gauntlet)
  42 blink frogs
  10 dream sheep
  8 slime creatures (D:15)
  2 shadows
  2 ynoxinuls
  A vampire (D:11)
  A wraith (D:11)
  60 yaks
  8 basilisks
  2 wyverns
  3 steam dragons
  A death yak simulacrum (IceCv)
  3 fire elementals (D:13)
  10 vampire mosquitoes
  A chaos spawn (Lair:6)
  Menkaure (D:7)
  A harpy simulacrum (IceCv)
  5 wargs
  2 hell hounds (D:13)
  15 water moccasins
  2 floating eyes (Gauntlet)
  A naga (Lair:3)
  24 orc warriors
  5 black bears
  5 ice beasts
  22 ogres
  4 sky beasts
  9 wolves
  A phantom (D:6)
  7 centaurs
  2 kobold brigands
  10 small abominations (Lair:6)
  16 bullfrogs
  2 gnoll sergeants
  3 scorpions
  A cane toad simulacrum (IceCv)
  2 necrophages (D:8)
  5 two-headed ogre simulacra (IceCv)
  6 wights (D:8)
  2 elephant simulacra (IceCv)
  4 killer bees (D:9)
  An electric eel (D:6)
  2 howler monkeys
  2 centaur zombies (D:6)
  4 bullfrog zombies (D:6)
  11 orc priests
  3 hounds
  6 jellies
  4 gnoll boudas
  3 bullfrog skeletons (D:6)
  3 iguanas
  Terence (D:2)
  27 orc wizards
  5 spriggan simulacra (IceCv)
  5 hell rats
  4 polar bear simulacra (IceCv)
  9 troll simulacra (IceCv)
  2 wolf simulacra (IceCv)
  A killer bee zombie (D:6)
  Robin (D:2)
  24 gnolls
  5 adders
  5 naga simulacra (IceCv)
  6 white imps
  6 ufetubi
  3 worms
  6 dart slugs
  97 orcs
  5 ball pythons
  2 bats
  14 endoplasms
  5 giant cockroaches
  20 goblins
  11 hobgoblins
  5 quokkas
  2 frilled lizards (D:3)
  10 kobolds
  A rat (D:2)
819 creatures vanquished.

Vanquished Creatures (others)
  A kobold demonologist (D:10)
  An orc (D:8)
  25 fungi
  41 plants
  8 withered plants (D:6)
76 creatures vanquished.

Grand Total: 895 creatures vanquished

Notes
Turn   | Place    | Note
-------+----------+-------------------------------------------
     0 | D:1      | Colgate the Kobold Brigand began the quest for the Orb.
     0 | D:1      | Reached XP level 1. HP: 12/12 MP: 1/1
   437 | D:1      | Reached XP level 2. HP: 17/17 MP: 2/2
   814 | D:2      | Found Meq Qax's Antique Weapon Emporium.
   821 | D:2      | Reached XP level 3. HP: 21/22 MP: 3/3
   865 | D:2      | Noticed Robin
  1044 | D:1      | Reached skill level 3 in Fighting
  1100 | D:2      | Killed Robin
  1319 | D:2      | HP: 1/23 [worm (2)]
  1323 | D:2      | Reached XP level 4. HP: 2/28 MP: 4/4
  1887 | D:2      | Noticed Terence
  1963 | D:2      | Bought a crystal dagger for 154 gold pieces
  1963 | D:2      | Identified the +8 dagger of Valour {flame, Int+4} (You
                  | bought it in a shop on level 2 of the Dungeon)
  1988 | D:2      | Reached skill level 4 in Fighting
  2085 | D:2      | Killed Terence
  2125 | D:2      | Found Pubeopt's Distillery.
  2307 | D:3      | Reached XP level 5. HP: 33/33 MP: 5/5
  2309 | D:3      | Reached skill level 5 in Short Blades
  2529 | D:3      | Found a faded altar of an unknown god.
  2536 | D:3      | Prayed at the altar of an unknown god.
  2536 | D:3      | Became a worshipper of Uskayaw the Reveller
  2536 | D:3      | Reached * piety under Uskayaw
  2673 | D:3      | Identified the +6 mace "Qettub" {antimagic, rN+ Dex+4}
  2995 | D:2      | Bought a crystal short sword for 176 gold pieces
  2995 | D:2      | Identified the +3 short sword of Omuamif {vorpal, Will+}
                  | (You bought it in a shop on level 2 of the Dungeon)
  3056 | D:4      | Reached XP level 6. HP: 38/38 MP: 6/6
  3214 | D:4      | Reached ** piety under Uskayaw
  3218 | D:4      | Reached *** piety under Uskayaw
  3315 | D:4      | Reached **** piety under Uskayaw
  3316 | D:4      | Reached XP level 7. HP: 42/43 MP: 7/7
  3511 | D:2      | Bought a potion of curing for 33 gold pieces
  3953 | D:4      | Identified the +7 dagger "Vucyuz" {antimagic, *Slow rElec
                  | rN++ Str+2}
  4013 | D:4      | Found a burning altar of Makhleb.
  4015 | D:4      | Found a glowing silver altar of Zin.
  4015 | D:4      | Noticed an Executioner
  4167 | D:5      | Entered Level 5 of the Dungeon
  4583 | D:5      | Reached XP level 8. HP: 41/48 MP: 8/8
  4962 | D:2      | Bought 2 potions of heal wounds for 110 gold pieces
  5035 | D:5      | Reached skill level 5 in Fighting
  5239 | D:5      | Found a bloodstained altar of Trog.
  5427 | D:6      | Reached XP level 9. HP: 48/55 MP: 12/12
  5431 | D:6      | Reached ***** piety under Uskayaw
  5433 | D:6      | Reached skill level 6 in Fighting
  5485 | D:6      | Found a basalt altar of Yredelemnul.
  5609 | D:6      | Reached skill level 7 in Fighting
  5797 | D:6      | Reached skill level 8 in Fighting
  5983 | D:6      | Reached skill level 1 in Evocations
  6009 | D:6      | Reached skill level 5 in Dodging
  6317 | D:7      | Found a staircase to the Ecumenical Temple.
  6323 | Temple   | Entered the Ecumenical Temple
  6617 | D:7      | Reached skill level 9 in Fighting
  6663 | D:7      | Noticed Menkaure
  6699 | D:7      | Killed Menkaure
  6824 | D:2      | Bought a potion of haste for 110 gold pieces
  7132 | D:7      | Reached XP level 10. HP: 67/67 MP: 13/13
  7230 | D:7      | Reached skill level 10 in Fighting
  7759 | D:8      | Reached skill level 11 in Fighting
  7761 | D:8      | Reached ****** piety under Uskayaw
  8205 | D:8      | Reached skill level 12 in Fighting
  8724 | D:9      | Noticed Psyche
  8728 | D:9      | Killed Psyche
  8745 | D:9      | Noticed Joseph
  8749 | D:9      | Killed Joseph
  8750 | D:9      | Reached XP level 11. HP: 76/76 MP: 14/14
  9033 | D:9      | Noticed Erolcha
  9045 | D:9      | Killed Erolcha
  9046 | D:9      | Reached skill level 10 in Short Blades
  9658 | D:10     | Entered Level 10 of the Dungeon
  9778 | D:10     | Noticed a two-headed ogre
  9804 | D:10     | Killed a two-headed ogre
  9953 | D:10     | Found a staircase to the Lair.
  9975 | D:10     | Found a runed translucent door.
  9984 | D:10     | Noticed mn3067's ghost (novice DEIE)
  9984 | D:10     | Noticed a manticore
 10034 | D:10     | Killed a manticore
 10173 | D:10     | Reached skill level 10 in Stealth
 10360 | D:10     | Found a staircase to the Orcish Mines.
 10409 | D:10     | Noticed a two-headed ogre
 10443 | D:10     | Killed a two-headed ogre
 10450 | D:10     | Learned a level 2 spell: Blink
 10528 | D:10     | Reached skill level 1 in Translocations
 10808 | D:11     | Reached XP level 12. HP: 81/81 MP: 15/15
 10937 | D:11     | Reached skill level 1 in Spellcasting
 11424 | D:11     | Noticed a two-headed ogre
 11460 | D:11     | Killed a two-headed ogre
 12421 | D:12     | Reached skill level 13 in Fighting
 12478 | D:12     | Noticed a boulder beetle
 12503 | D:12     | Killed a boulder beetle
 13209 | D:12     | Noticed a seven-headed hydra
 13213 | D:12     | Killed a seven-headed hydra
 13216 | D:12     | Noticed a two-headed ogre
 13220 | D:12     | Killed a two-headed ogre
 13221 | D:12     | Reached skill level 14 in Fighting
 14419 | Lair:1   | Entered Level 1 of the Lair of Beasts
 14431 | Lair:1   | Reached skill level 10 in Dodging
 14577 | Lair:1   | Reached XP level 13. HP: 83/91 MP: 8/16
 14891 | Lair:1   | Reached skill level 15 in Fighting
 15497 | Lair:1   | You fall into a shaft and drop 1 floor!
 15708 | Lair:1   | Reached skill level 16 in Fighting
 15913 | Lair:2   | Noticed an eight-headed hydra
 15917 | Lair:2   | Killed an eight-headed hydra
 15986 | Lair:2   | Noticed an eight-headed hydra
 15990 | Lair:2   | Killed an eight-headed hydra
 15991 | Lair:2   | Reached skill level 5 in Invocations
 16652 | Lair:2   | Learned a level 3 spell: Lesser Beckoning
 16763 | Lair:3   | Noticed a catoblepas
 16780 | Lair:3   | Killed a catoblepas
 16862 | Lair:3   | Found a frozen archway.
 16906 | IceCv    | Entered an ice cave
 17957 | IceCv    | Identified the +1 leather armour of Bedevilment {Drain
                  | Will+++ Str+4 Dex+5}
 18618 | Lair:3   | Reached XP level 14. HP: 100/100 MP: 16/20
 18834 | Lair:3   | Found a staircase to the Snake Pit.
 18898 | Lair:3   | Found a runed translucent door.
 18916 | Lair:3   | Reached skill level 1 in Earth Magic
 19121 | Lair:3   | Reached skill level 10 in Invocations
 19368 | Lair:3   | Noticed Mazui's ghost (journeyman GnCj)
 19404 | Lair:3   | Killed Mazui's ghost
 19539 | D:10     | Reached skill level 5 in Translocations
 19545 | D:10     | Killed mn3067's ghost
 19553 | D:10     | Got the Papyrus of Clay
 20411 | Lair:4   | Found a runed translucent door.
 20530 | Lair:4   | Reached skill level 17 in Fighting
 20594 | Lair:4   | Found a staircase to the Shoals.
 21489 | Lair:5   | Reached skill level 18 in Fighting
 21504 | Lair:5   | Reached XP level 15. HP: 108/108 MP: 22/22
 22162 | Lair:6   | Entered Level 6 of the Lair of Beasts
 22275 | Lair:6   | Reached skill level 5 in Evocations
 22812 | Lair:6   | Found a staircase to the Slime Pits.
 23492 | Lair:6   | Reached skill level 10 in Evocations
 23819 | Lair:6   | Reached skill level 1 in Ranged Weapons
 23837 | Lair:6   | Found a corrupted altar of Lugonu.
 23839 | Lair:6   | Found a one-way gate to the infinite horrors of the Abyss.
 24186 | Orc:1    | Entered Level 1 of the Orcish Mines
 24334 | Orc:1    | Found a runed translucent gate.
 24335 | Orc:1    | Found a runed translucent gate.
 24336 | Orc:1    | Found a runed translucent gate.
 24359 | Orc:1    | Found Plog's General Store.
 24364 | Orc:1    | Bought a potion of berserk rage for 70 gold pieces
 24401 | Orc:1    | Found Qiexivvu's Jewellery Boutique.
 24406 | Orc:1    | Bought an amulet of reflection for 480 gold pieces
 25054 | Orc:1    | Noticed Zero's ghost (journeyman OgIE)
 25054 | Orc:1    | Noticed Mooxubaz's ghost (journeyman MeFi)
 25095 | Orc:2    | Entered Level 2 of the Orcish Mines
 25108 | Orc:2    | Noticed an orc warlord
 25143 | Orc:1    | Killed Zero's ghost
 25383 | Orc:2    | Noticed an orc warlord
 25402 | Orc:1    | Killed an orc warlord
 25518 | Orc:1    | Reached skill level 5 in Ranged Weapons
 25591 | Orc:1    | Noticed Itumint's ghost (journeyman VSBr)
 25606 | Orc:1    | Killed Itumint's ghost
 25981 | Orc:2    | Reached XP level 16. HP: 112/114 MP: 23/23
 26397 | Orc:2    | Found Syluj's Antique Weapon Emporium.
 26402 | Orc:2    | Found Poifere's Weapon Boutique.
 26417 | Orc:2    | Found Sibao's Armour Shoppe.
 26418 | Orc:2    | Found Sown's Armour Shoppe.
 26509 | Orc:2    | Noticed Nessos
 26513 | Orc:2    | Reached skill level 10 in Ranged Weapons
 26527 | Orc:2    | Killed Nessos
 26852 | Orc:2    | Found a staircase to the Elven Halls.
 27949 | D:13     | Identified the ring of Cuginuc {Will++ rCorr MP+9 AC+4
                  | Int-2}
 28103 | D:13     | Noticed Azrael
 28115 | D:13     | Killed Azrael
 28952 | D:14     | Found a gate leading to a gauntlet.
 28974 | Gauntlet | Entered a Gauntlet
 28974 | Gauntlet | Found a transporter.
 28974 | Gauntlet | Found a transporter.
 28991 | Gauntlet | Found a transporter.
 28999 | Gauntlet | Found a transporter.
 29021 | Gauntlet | Found a transporter.
 29031 | Gauntlet | Found a transporter.
 29123 | Gauntlet | Found a transporter.
 29128 | Gauntlet | Found a transporter.
 29149 | Gauntlet | Found a transporter.
 29159 | Gauntlet | Found a transporter.
 29246 | Gauntlet | Found a transporter.
 29270 | Gauntlet | Found a transporter.
 29279 | Gauntlet | Found a transporter.
 29279 | Gauntlet | Found a transporter.
 29309 | Gauntlet | Found a transporter.
 29329 | Gauntlet | Found a transporter.
 29487 | Gauntlet | Paralysed by a floating eye for 3 turns
 29915 | Gauntlet | Identified the amulet of Silenoho {Faith Rampage Str-4
                  | Dex+8}
 30133 | D:14     | Found a broken altar of Ashenzari.
 30357 | D:14     | Found a gate to the Vaults.
 30596 | D:15     | Entered Level 15 of the Dungeon
 30884 | D:15     | Identified the +4 scale mail of Qygom {Str-3 Int+7 Dex-3}
 31061 | D:15     | Reached skill level 15 in Ranged Weapons
 31385 | D:15     | Reached XP level 17. HP: 119/119 MP: 24/24
 31396 | D:15     | Found a staircase to the Depths.
 31515 | D:15     | Noticed Roxanne
 31535 | D:15     | Killed Roxanne
 31730 | D:15     | Noticed Rupert
 31735 | D:15     | Killed Rupert
 31860 | D:15     | Slain by a cyan ugly thing

Illustrated notes

Levels and vault maps discovered:
D:1:      scummos_arrival_forest, layout_basic, chequers_serial_rivers_micro_c,
          grunt_decor_junction
D:2:      layout_basic, serial_shops, shop_coins, nicolae_diamond_shop,
          uniq_terence, uniq_robin
D:3:      layout_rooms, shapermc_ecumenical_altar_pompeii, minmay_box_of_dots
D:4:      nicolae_cairo_tiling_large_dashed, layout_basic,
          grunt_temple_overflow_order_and_chaos_2, hangedman_minor_gate_pass
D:5:      layout_basic, kennysheep_mini_moat
D:6:      layout_basic, yredelemnul_altar_generic, serial_undead,
          serial_undead_c, serial_undead_c, serial_undead_a, serial_undead_f,
          serial_undead_b, serial_undead_c, serial_undead_f, serial_undead_f
D:7:      layout_loops_ring, minmay_temple_entry_large_hall, uniq_menkaure
D:8:      layout_cave_pods, minmay_alternating_orb
D:9:      layout_small_grid, hangedman_abyss_or_decor_stagger, uniq_psyche,
          uniq_erolcha, uniq_joseph
D:10:     layout_loops_ring, lair_entry_dummy, erik_orc_4,
          hellmonk_ghost_big_iron
D:11:     layout_roguey
D:12:     layout_roguey
D:13:     layout_irregular_city, uniq_azrael
D:14:     layout_basic, erik_vaults_1, ashenzari_altar_1, gauntlet_entry_generic
D:15:     hangedman_depths_entry_civil_slaughter, layout_grid_maze,
          abandoned_shop, bh_walls_and_bars, uniq_roxanne, uniq_rupert
Temple:   nicolae_temple_bog_church
Lair:1:   layout_hall_layers, grunt_forest_stairs_basic, beast_lair_carwin_6
Lair:2:   layout_regular_city
Lair:3:   layout_loops_ring, guppyfry_snake_entry_island, portal_ice_cave_rime,
          ebering_ghost_reflecting_pool
Lair:4:   gammafunk_indiana_jones, layout_regular_city,
          minmay_shoals_entry_lonely_mermaid
Lair:5:   layout_regular_city, serial_bayou_shore_b, grunt_megastairs_2
Lair:6:   hellmonk_lair_end_abyssal_woods, layout_long_grid,
          nicolae_slime_entry_slimehenge, minmay_lindwurm_lava
Orc:1:    layout_caves, gammafunk_ghost_cemetery, serial_shops,
          nicolae_shop_statue_plus, nicolae_shop_waterfront
Orc:2:    st_orc_open, layout_diamond_mine, basic_altar, nicolae_orc_lava_room,
          uniq_nessos

Skill      XL: |  1  2  3  4  5  6  7  8  9 10 11 12 13 14 15 16 17 |
---------------+----------------------------------------------------+-----
Short Blades   | 3 4 6 8 12 14 | 14.0
Fighting       | 3 4 5 9 12 14 16 18 | 18.0
Stealth        | 7 11 | 11.1
Dodging        | 3 4 6 8 10 11 12 | 12.0
Invocations    | 4 9 10 | 10.0
Evocations     | 2 3 10 | 10.2
Translocations | 3 4 7 |  7.1
Spellcasting   | 1 2 |  2.1
Earth Magic    | 1 |  1.1
Ranged Weapons | 6 15 17 | 17.0
Throwing       | |  2.1

Action                   |  1- 3 |  4- 6 |  7- 9 | 10-12 | 13-15 | 16-18 || total
-------------------------+-------+-------+-------+-------+-------+-------++-------
Melee: Dagger            |    78 |   123 |   203 |   444 |   919 |    57 ||  1824
       Punch             |     1 |     3 |     4 |     3 |       |       ||    11
       Rapier            |       |       |       |       |    65 |   304 ||   369
Throw: Dart              |       |       |       |    26 |       |       ||    26
       Throwing net      |       |       |       |     2 |       |       ||     2
       Boomerang         |       |       |       |     1 |     2 |       ||     3
 Cast: Lesser Beckoning  |       |       |       |       |     4 |     1 ||     5
Invok: Stomp             |       |       |       |    14 |    47 |    26 ||    87
       Line Pass         |       |       |       |     1 |     4 |       ||     5
Evoke: Wand              |       |       |       |       |     6 |     3 ||     9
  Use: Scroll            |       |     2 |     8 |     7 |    12 |     5 ||    34
       Potion            |       |       |       |       |       |     1 ||     1
 Stab: Sleeping          |    12 |    23 |    33 |    27 |    87 |    36 ||   218
       Paralysed         |       |     1 |    10 |    19 |    53 |    18 ||   101
       Distracted        |       |       |     1 |     2 |    15 |     4 ||    22
       Confused          |       |       |       |     1 |     3 |       ||     4
       Held in net/web   |       |       |       |     2 |       |       ||     2
       Invisible         |       |       |       |       |     3 |     2 ||     5
Armor: Robe              |     9 |       |       |       |       |       ||     9
       Animal skin       |     1 |    24 |    37 |    62 |    28 |       ||   152
       Leather armour    |       |       |       |       |    55 |    16 ||    71
Dodge: Dodged            |    32 |    55 |    76 |   283 |   606 |   238 ||  1290
Block: Buckler           |       |       |       |    15 |   260 |   150 ||   425
       Reflection        |       |       |       |       |     2 |     4 ||     6

Table legend: (Time is in decaauts)
 A = Elapsed time spent in this place.
 B = Non-inter-level travel time spent in this place.
 C = Inter-level travel time spent in this place.
 D = Time resting spent in this place.
 E = Time spent auto-exploring this place.
 F = Levels seen in this place.
 G = Mean time per level.
                   A        B        C        D        E       F      G
               +--------+--------+--------+--------+--------+-----+--------+
         Total |  30981 |  29005 |   1976 |   1357 |  22349 |  26 | 1191.6 |
       Dungeon |  17169 |  15748 |   1421 |    426 |  12712 |  15 | 1144.6 |
        Temple |    275 |    258 |     17 |      0 |    239 |   1 |  275.0 |
          Lair |   7691 |   7272 |    419 |     66 |   5873 |   6 | 1281.8 |
  Orcish Mines |   3194 |   3077 |    117 |    337 |   2148 |   2 | 1597.0 |
      Ice Cave |   1642 |   1642 |      0 |    528 |    696 |   1 | 1642.0 |
      Gauntlet |   1007 |   1007 |      0 |      0 |    679 |   1 | 1007.0 |
               +--------+--------+--------+--------+--------+-----+--------+

Top non-repeatable levels by time:
    D:12: 2191 daAuts
  Lair:6: 1775 daAuts
   Orc:2: 1696 daAuts
   IceCv: 1642 daAuts
     D:2: 1571 daAuts
   Orc:1: 1498 daAuts
    D:11: 1409 daAuts
  Lair:1: 1366 daAuts
  Lair:4: 1258 daAuts
    D:10: 1228 daAuts
    D:15: 1201 daAuts
    D:13: 1157 daAuts
  Lair:5: 1125 daAuts
  Lair:3: 1123 daAuts
     D:4: 1099 daAuts
